 Dungeon Crawl Stone Soup version 0.22-a0-455-ga0624bf62c (webtiles) character file.

177 Kriby the Poker (level 5, -4/38 HPs)
             Began as a Merfolk Skald on June 5, 2018.
             Killed from afar by Ijyb (17 damage)
             ... with a wand of acid (10)
             ... on level 3 of the Dungeon.
             The game lasted 00:02:18 (2499 turns).

Kriby the Poker (Merfolk Skald)                     Turns: 2499, Time: 00:02:19

Health: -4/38      AC:  9    Str: 12    XL:     5   Next: 57%
Magic:  8/8        EV:  6    Int: 12    God:
Gold:   131        SH:  3    Dex: 14    Spells: 7/8 levels left

rFire    + . .     SeeInvis .   a - +0 spear
rCold    . . .     Gourm    .   e - +0 buckler
rNeg     . . .     Faith    .   c - +0 chain mail {rF+}
rPois    .         Spirit   .   (no helmet)
rElec    .         Reflect  .   l - +0 cloak
rCorr    .         Harm     .   (no gloves)
MR       .....                  (no boots)
Stlth    ..........             (no amulet)
HPRegen  0.12/turn              f - ring of stealth
MPRegen  0.11/turn              (no ring)

@: no status effects
A: change form in water, swift swim, stealthy swim
a: no special abilities


You were on level 3 of the Dungeon.
You were not hungry.

You visited 1 branch of the dungeon, and saw 3 of its levels.

You collected 131 gold pieces.

Inventory:

Hand Weapons
 a - a +0 spear (weapon)
Armour
 b - a +0 leather armour
 c - a +0 chain mail of fire resistance (worn)
 e - a +0 buckler (worn)
 l - a +0 cloak (worn)
Jewellery
 f - a ring of stealth (left hand)
Wands
 i - a wand of scattershot (2) {@v5}
Scrolls
 g - a scroll of blinking {unknown}
 h - 3 scrolls of identify {unknown}
 j - a scroll of magic mapping {unknown}
 k - 2 scrolls of remove curse {unknown}
 m - a scroll of fog {unknown}
 o - a scroll of enchant armour {unknown}
 p - a scroll of immolation {unknown}
 t - a scroll of amnesia {unknown}
Potions
 n - a potion of might {unknown}
 r - 3 potions of lignification {unknown}
 s - a potion of degeneration {unknown}
Comestibles
 d - 6 rations {@e1}
 q - 2 chunks of flesh


   Skills:
 - Level 2.1 Fighting
 * Level 6.9 Polearms
 - Level 0.6 Armour
 + Level 4.7 Dodging
 - Level 2.0 Spellcasting
 - Level 3.2 Charms


You had 7 spell levels left.
You knew the following spells:

 Your Spells              Type           Power        Failure   Level  Hunger
a - Infusion              Chrm           #...         99%         1    ##.....

Your spell library contained the following spells:

 Spells                   Type           Power        Failure   Level  Hunger
 Regeneration             Chrm/Necr      #.........   100%        3    ####...
 Shroud of Golubria       Chrm/Tloc      #.........   100%        2    ###....
 Song of Slaying          Chrm           #.......     100%        2    ###....
 Spectral Weapon          Hex/Chrm       #.......     100%        3    ####...


Dungeon Overview and Level Annotations

Branches:
Dungeon (3/15)

Altars:
Ashenzari
Kikubaaqudgha
Makhleb
Zin

Annotations:
D:3 Ijyb


Message History

Found 25 arrows.
No target in view!
You see here 25 arrows.
t - a scroll labeled WUNULE RORR No target in view!
Ijyb the Twisted Goblin comes into view.
She is wielding a dagger.
Ijyb shouts!
Ijyb zaps a wand.
The bolt of acid hits you!
You are splashed with acid!
The acid burns!
It is a wand of acid (10).
You are too injured to fight recklessly!
You are too injured to fight recklessly!
You are too injured to fight recklessly!
Evoke which item? (* to show all) (? for menu, Esc to quit)
Aiming: Scattershot
Press: ? - help, Shift-Dir - straight line, f - Ijyb
Aim: Ijyb, wielding a dagger, wearing a ring mail and carrying a wand of acid (10)
The burst of metal fragments hits Ijyb. x2
Ijyb is lightly wounded.
Ijyb zaps a wand.
The bolt of acid hits you!
You die...

.........)#####
##.######.#...##..
##.##.........##.#
##.##.##......##.##
#....#............
.#
##.#####...####...
..# ...# ##.## #..#
#.# #..######.#
#..##.###.#
..........#
#.@.g.....#
#########'#
#.###.....#
#.#######.# #
#.........# ##
#####.###.# .####
#...##.# ....+
......#.# .####
###...##.# .#
##.###.#


You could see Ijyb.

Vanquished Creatures
  A vampire bat (D:2)
  Terence (D:3)
  3 adders
  An ooze (D:1)
  2 worms
  A dart slug (D:1)
  10 orcs (D:3)
  3 bat skeletons (D:2)
  2 bat zombies (D:2)
  2 giant cockroaches (D:1)
  6 goblins
  9 hobgoblins
  4 jackals (D:1)
  2 kobolds
  A quokka (D:3)
  A ball python (D:2)
  4 bats
  3 frilled lizards
  8 rats
64 creatures vanquished.

Notes
Turn   | Place    | Note
-------+----------+-------------------------------------------
     0 | D:1      | Kriby the Merfolk Skald began the quest for the Orb.
     0 | D:1      | Reached XP level 1. HP: 16/16 MP: 3/3
   119 | D:1      | Reached XP level 2. HP: 21/22 MP: 5/5
   132 | D:1      | Reached skill level 4 in Polearms
   355 | D:1      | Reached XP level 3. HP: 27/27 MP: 6/6
   871 | D:2      | Reached skill level 5 in Polearms
  1137 | D:2      | Reached XP level 4. HP: 9/33 MP: 7/7
  1617 | D:2      | Found an ancient bone altar of Kikubaaqudgha.
  1659 | D:2      | Reached skill level 6 in Polearms
  1918 | D:3      | Reached XP level 5. HP: 37/38 MP: 8/8
  1992 | D:3      | Noticed Terence
  1996 | D:3      | Killed Terence
  2093 | D:3      | Found a glowing silver altar of Zin.
  2192 | D:3      | Found a burning altar of Makhleb.
  2195 | D:3      | Found a shattered altar of Ashenzari.
  2497 | D:3      | Noticed Ijyb
  2499 | D:3      | Killed from afar by Ijyb

Vault maps used:
D:1:      scummos_arrival_simple_fountains, serial_bayou_ford_a
D:2:      kennysheep_vampire_church
D:3:      nicolae_overflow_crystal_walls, nicolae_overflow_hidden_temple,
          uniq_terence, uniq_ijyb

Skill      XL: |  1  2  3  4 |
---------------+-------------+-----
Dodging        | 3 4 |  4.7
Polearms       | 4 5 6 |  6.9
Fighting       | |  2.1
Armour         | |  0.6
Spellcasting   | |  2.0
Charms         | |  3.2

Action                   |  1- 3 |  4- 6 || total
-------------------------+-------+-------++-------
Melee: Spear             |   186 |   155 ||   341
Evoke: Wand              |       |     3 ||     3
  Use: Potion            |       |     1 ||     1
  Eat: Chunk             |     1 |     4 ||     5
Armor: Chain mail        |    83 |    80 ||   163
Dodge: Dodged            |    30 |    33 ||    63
Block: Buckler           |    11 |    17 ||    28

Table legend:
 A = Spawn XP
 B = Non-spawn XP
 C = Spawn XP percentage of total XP
 D = Spawn monster count
 E = Non-spawn monster count
 F = Spawn count percentage of total count
 G = Total turns spent on level
                    A         B        C        D         E        F      G
               +---------+---------+-------+---------+---------+-------+---------
         Total |       0 |     254 |   0.0 |       0 |      64 |   0.0 |  2499
               +---------+---------+-------+---------+---------+-------+---------
           D:1 |       0 |      52 |   0.0 |       0 |      28 |   0.0 |   727
           D:2 |       0 |     100 |   0.0 |       0 |      19 |   0.0 |  1052
           D:3 |       0 |     102 |   0.0 |       0 |      17 |   0.0 |   720
               +---------+---------+-------+---------+---------+-------+---------
